 Dungeon Crawl Stone Soup version 0.30-a0-305-g026cb31310 (webtiles) character file.

Game seed: 13769336718566461178

107 Iusername the Shield-Bearer (level 4, -4/41 HPs)
             Began as a Minotaur Fighter on Oct 21, 2022.
             Was an Initiate of Gozag.
             Slain by an ogre
             ... wielding a +0 giant club
              (15 damage)
             ... on level 3 of the Dungeon.
             The game lasted 00:04:33 (2086 turns).

Iusername the Shield-Bearer (Minotaur Fighter)      Turns: 2086, Time: 00:04:34

Health: -4/41      AC:  8    Str: 22    XL:     4   Next: 56%
Magic:  0/3        EV:  9    Int:  5    God:    Gozag
Gold:   133        SH:  4    Dex: 10    Spells: 3/3 levels left

rFire   . . .      SeeInvis .    a - +0 war axe
rCold   . . .      Faith    .    c - +0 buckler
rNeg    . . .      Spirit   +    b - +0 scale mail
rPois   .          Reflect  .    (helmet restricted)
rElec   .          Harm     .    (no cloak)
rCorr   .          Rampage  .    (no gloves)
Will    .....                    n - +0 pair of boots
Stlth   ..........               i - amulet of guardian spirit
HPRegen 0.26/turn                (no ring)
MPRegen 0.08/turn                (no ring)

@: mighty
A: horns 2, retaliatory headbutt
a: Renounce Religion, Potion Petition, Call Merchant, Bribe Branch


You were on level 3 of the Dungeon.
You worshipped Gozag.
Gozag was aware of your devotion.
You visited 1 branch of the dungeon, and saw 3 of its levels.

You collected 168 gold pieces.
You paid 35 gold pieces to Gozag.

Inventory:

Hand Weapons
 a - a +0 war axe (weapon)
Armour
 b - a +0 scale mail (worn)
 c - a +0 buckler (worn)
 n - a +0 pair of boots (worn)
Jewellery
 i - an amulet of guardian spirit (around neck)
 u - a ring of fire
Scrolls
 h - a scroll of blinking {unknown}
 j - 4 scrolls of identify {unknown}
 k - a scroll of noise {unknown}
 m - a scroll of teleportation {unknown}
 o - 2 scrolls of poison {unknown}
 t - a scroll of immolation {unknown}
Potions
 d - a potion of might
 e - 2 potions of magic {unknown}
 f - a potion of degeneration {unknown}
 g - a potion of curing {unknown}
 l - 2 potions of cancellation {unknown}
 p - a potion of haste {unknown}
 q - 2 potions of heal wounds {unknown}
 r - a potion of berserk rage {unknown}
 s - 2 potions of attraction {unknown}


   Skills:
 + Level 4.5 Fighting
 + Level 3.6 Axes
 + Level 4.4 Armour
 + Level 4.5 Shields


You had 3 spell levels left.
You didn't know any spells.
Your spell library was empty.

Dungeon Overview and Level Annotations

Branches:
Dungeon (3/15)

Altars:
Fedhas
Gozag
Sif Muna
Wu Jian
Xom

Shops:
D:2 ?   D:3 *


Innate Abilities, Weirdness & Mutations

You have a pair of horns on your head.
You reflexively headbutt those who attack you in melee.


Message History

Key pressed, stopping explore.
No target in view!
Key pressed, stopping explore.
Key pressed, stopping explore.
No target in view!
Key pressed, stopping explore.
No target in view!
Key pressed, stopping explore.
No target in view!
No target in view!
An ogre and a ball python come into view.
The ogre shouts!
The ball python hisses angrily.
You hear a shout!
An orc comes into view. It is wielding a +0 falchion.
The ball python moves out of view.
An adder comes into view.
A goblin and a giant cockroach come into view.
Found 9 gold pieces.
Found a shimmering altar of Xom.
The goblin shouts!
The adder hisses angrily.
A worm comes into view.
The adder moves out of view.
There are monsters nearby!
An endoplasm and a kobold come into view.
Found a pair of boots.
The endoplasm quivers.
The kobold shouts!
The giant cockroach is engulfed in noxious fumes.
The giant cockroach appears confused.
A ball python comes into view.
A kobold comes into view. It is wielding a +0 dagger.
You hear a splashing noise.
The ogre attacks as you move away!
The ogre hits you with a +0 giant club!!
Ouch! That really hurt!
* * * LOW HITPOINT WARNING * * *
You feel very mighty all of a sudden.
You slice the ogre!! Your headbutt misses the ogre.
The ogre is severely wounded.
The ogre hits you with a +0 giant club!
You die...
Your body crumbles into a pile of gold.

#.≈≈≈≈.....≈#
...#
###.≈....⌠.⌠.≈#
#..# K
##....._...∩..≈#
#..# .§
...#.≈....⌠.⌠.≈#
#..# §°.
####.≈≈≈≈.....≈#
#..# K§☼K #
#....≈≈≈≈≈≈≈#
#.$#wg.BS #
#############
#.o..~~~~ #
###############.#
#
#............@OS#
#
#.###############
# #.# # #.######
# #......#
#########.# ..#
#.# #.#
#.######### #.##
#.........#


You could see an ogre, a worm, an adder, an orc, a goblin and a kobold.

Vanquished Creatures
  An orc priest (D:3)
  2 adders (D:2)
  2 orcs (D:3)
  6 ball pythons
  7 endoplasms
  2 giant cockroaches (D:1)
  4 goblins
  6 hobgoblins
  2 jackals (D:1)
  10 kobolds
  2 quokkas
  2 frilled lizards (D:2)
  6 rats
52 creatures vanquished.

Vanquished Creatures (others)
  A plant (D:2)
  3 withered plants (D:1)
4 creatures vanquished.

Grand Total: 56 creatures vanquished

Notes
Turn   | Place    | Note
-------+----------+-------------------------------------------
     0 | D:1      | Iusername the Minotaur Fighter began the quest for the Orb.
     0 | D:1      | Reached XP level 1. HP: 19/19 MP: 0/0
   102 | D:1      | Reached XP level 2. HP: 23/27 MP: 1/1
   375 | D:1      | Found a faded altar of an unknown god.
   550 | D:1      | Prayed at the altar of an unknown god.
   550 | D:1      | Became a worshipper of Sif Muna the Loreminder
   550 | D:1      | Reached * piety under Sif Muna
   561 | D:1      | Fell from the grace of Sif Muna
   604 | D:2      | Reached XP level 3. HP: 29/33 MP: 2/2
   946 | D:2      | Found Meuturr's Magic Scroll Boutique.
  1640 | D:3      | Reached XP level 4. HP: 40/40 MP: 1/3
  1685 | D:3      | Found an opulent altar of Gozag.
  1690 | D:3      | Found Gozag's Platinum Reserve.
  1694 | D:3      | Became a worshipper of Gozag Ym Sagoz the Greedy
  1777 | D:3      | Found a blossoming altar of Fedhas.
  1784 | D:3      | Found an ornate altar of the Wu Jian Council.
  2079 | D:3      | Noticed an ogre
  2080 | D:3      | Found a shimmering altar of Xom.
  2086 | D:3      | Slain by an ogre

Illustrated notes

Levels and vault maps discovered:
D:1:      psy_arrival_dodecagon, layout_basic,
          ebering_ecumenical_altar_petrified, serial_glass, glass_columns_b,
          glass_columns_b, glass_columns_c, glass_columns_b
D:2:      layout_basic, serial_shops, shop, serial_forest,
          infiniplex_forest_lined_corner, infiniplex_forest_straight_3,
          infiniplex_forest_straight_3, infiniplex_forest_clump_tiny,
          infiniplex_forest_clump_small, infiniplex_forest_lined_corner
D:3:      layout_loops_ring, grunt_temple_overflow_open,
          nicolae_gozag_zags_fifth_avenue, xom_confusion_cloud,
          minmay_misc_feat_x

Skill      XL: |  1  2 |
---------------+-------+-----
Fighting       | 4 |  4.5
Shields        | 4 |  4.5
Armour         | 4 |  4.4
Axes           | 3 |  3.6

Action                   |  1- 3 |  4- 6 || total
-------------------------+-------+-------++-------
Melee: War axe           |   102 |    18 ||   120
       Headbutt          |    14 |     1 ||    15
Invok: Renounce Religion |     1 |       ||     1
  Use: Potion            |       |     1 ||     1
Armor: Scale mail        |    47 |    10 ||    57
Dodge: Dodged            |    54 |    10 ||    64
Block: Buckler           |    23 |     5 ||    28

Table legend: (Time is in decaauts)
 A = Elapsed time spent in this place.
 B = Non-inter-level travel time spent in this place.
 C = Inter-level travel time spent in this place.
 D = Time resting spent in this place.
 E = Time spent auto-exploring this place.
 F = Levels seen in this place.
 G = Mean time per level.
                   A        B        C        D        E       F      G
               +--------+--------+--------+--------+--------+-----+--------+
         Total |   2131 |   2046 |     85 |      0 |   1638 |   3 |  710.3 |
       Dungeon |   2131 |   2046 |     85 |      0 |   1638 |   3 |  710.3 |
               +--------+--------+--------+--------+--------+-----+--------+

Top non-repeatable levels by time:
     D:2: 934 daAuts
     D:1: 605 daAuts
     D:3: 592 daAuts
